 Dungeon Crawl Stone Soup version 0.19.1 (webtiles) character file.

247 kae the Slasher (level 5, -1/45 HPs)
             Began as a Minotaur Fighter on Dec 11, 2016.
             Was an Initiate of Okawaru.
             Killed from afar by XO4YCPATb's ghost (9 damage)
             ... with a bolt of negative energy
             ... on level 4 of the Dungeon.
             The game lasted 00:01:36 (2108 turns).

kae the Slasher (Minotaur Fighter)                  Turns: 2108, Time: 00:01:37

Health: -1/45      AC:  6    Str: 21    XL:     5   Next: 85%
Magic:  4/4        EV:  7    Int:  6    God:    Okawaru [......]
Gold:   177        SH:  9    Dex:  9    Spells: 0 memorised, 4 levels left

rFire  . . .     SeeInvis .     a - +0 long sword
rCold  . . .     Gourm    .     b - +0 scale mail
rNeg   . . .     Faith    .     c - +0 shield
rPois  .         Spirit   .     (helmet restricted)
rElec  .         Reflect  .     (no cloak)
rCorr  .         Harm     .     (no gloves)
MR     .....                    (no boots)
Stlth  ..........               (no amulet)
                                (no ring)
                                (no ring)

@: exhausted, very slightly contaminated, drained
A: retaliatory headbutt, horns 2
a: Renounce Religion


You were on level 4 of the Dungeon.
You worshipped Okawaru.
Okawaru was noncommittal.
You were not hungry.

You visited 1 branch of the dungeon, and saw 4 of its levels.

You collected 177 gold pieces.

Inventory:

Hand Weapons
 a - a +0 long sword (weapon)
Armour
 b - a +0 scale mail (worn)
 c - a +0 shield (worn)
Jewellery
 o - a cursed ring of loudness {unknown}
Scrolls
 g - 4 scrolls of teleportation {unknown}
 h - 5 scrolls of identify {unknown}
 i - a scroll of recharging {unknown}
 k - 4 scrolls of enchant weapon {unknown}
 l - 2 scrolls of magic mapping {unknown}
 m - 3 scrolls of remove curse {unknown}
 n - a scroll of immolation {unknown}
 t - a scroll of blinking {unknown}
 w - a scroll of noise {unknown}
Potions
 d - 2 potions of might
 j - a potion of invisibility
 s - a potion of ambrosia {unknown}
 u - a potion of agility {unknown}
Books
 q - a book of Maledictions

   Spells                             Type                      Level
   a - Corona                         Hexes                        1
   b - Ensorcelled Hibernation        Hexes/Ice                    2
   c - Confuse                        Hexes                        3
   d - Tukima's Dance                 Hexes                        3
   e - Dazzling Spray                 Conjuration/Hexes            3
Comestibles
 f - a bread ration
 p - a meat ration
 v - a royal jelly


   Skills:
 - Level 3.6(3.1) Fighting
 + Level 7.5(7.0) Long Blades
 - Level 3.6(3.1) Armour
 - Level 3.6(3.1) Shields


You had 4 spell levels left.
You didn't know any spells.

Dungeon Overview and Level Annotations

Branches:
Dungeon (4/15)
 Temple: D:4-7

Altars:
Fedhas
Kikubaaqudgha
Okawaru
Ru
Yredelemnul

Annotations:
D:4 XO4YCPATb's ghost, novice DrMo


Innate Abilities, Weirdness & Mutations

You reflexively headbutt those who attack you in melee.
You have a pair of horns on your head.


Message History

You start resting.
Your transformation is almost over.
You start resting.
You feel less woody.
Your +0 scale mail unmelds from your body.
You start resting.
You flicker for a moment.
XO4YCPATb's ghost (novice Red Draconian Monk) comes into view.
XO4YCPATb's ghost is nearby!
XO4YCPATb's ghost turns its malevolent gaze towards you.
You see here a sky beast corpse.
You enter the shallow water.
Moving in this stuff is going to be slow. ...and don't expect to remain undetected.
You flicker back into view.
XO4YCPATb's ghost opens the door.
You feel yourself speed up.
XO4YCPATb's ghost breathes negative energy at you.
The bolt of negative energy hits you!
You feel drained.
You die...

##......#.#
.......<#.####
.............#########.
.....##................
#### #.#..#.##.%......
#.##(#[##........
#.##.#.##o.S.....
##+##W#†#.........
#..@..≈.#.........
#.......#.o.......
...........#.........
.........!..#o####+###
............#
+#+#.....##.#
########.# .#


You could see XO4YCPATb's ghost.

Vanquished Creatures
  A sky beast (D:4)
  An orc wizard (D:4)
  7 adders
  A worm (D:2)
  4 leopard geckos
  5 orcs
  A ball python (D:1)
  3 bats
  A giant cockroach (D:1)
  4 goblins
  5 hobgoblins
  5 jackals
  7 kobolds
  A quokka (D:3)
  2 frilled lizards
  7 rats
55 creatures vanquished.

Vanquished Creatures (others)
  A human (D:2)
1 creature vanquished.

Grand Total: 56 creatures vanquished

Notes
Turn   | Place    | Note
-------+----------+-------------------------------------------
     0 | D:1      | kae the Minotaur Fighter began the quest for the Orb.
     0 | D:1      | Reached XP level 1. HP: 19/19 MP: 0/0
    41 | D:1      | Reached skill level 3 in Long Blades
    60 | D:1      | Reached XP level 2. HP: 24/26 MP: 1/1
   411 | D:2      | Reached skill level 4 in Long Blades
   456 | D:2      | Reached XP level 3. HP: 26/31 MP: 2/2
   609 | D:2      | Found a sacrificial altar of Ru.
   620 | D:2      | Found an iron altar of Okawaru.
   630 | D:2      | Found a basalt altar of Yredelemnul.
   638 | D:2      | Found a blossoming altar of Fedhas.
   697 | D:2      | Became a worshipper of Warmaster Okawaru
   734 | D:2      | Reached skill level 5 in Long Blades
   949 | D:2      | Reached XP level 4. HP: 36/39 MP: 3/3
   991 | D:2      | Found an ancient bone altar of Kikubaaqudgha.
   991 | D:2      | Noticed a human
   994 | D:2      | Killed a human
  1062 | D:2      | Found a faded altar of an unknown god.
  2049 | D:4      | Noticed a sky beast
  2065 | D:4      | HP: 2/58 [orc wizard/puff of frost (5)]
  2068 | D:4      | Killed a sky beast
  2068 | D:4      | Reached skill level 7 in Long Blades
  2068 | D:4      | Reached XP level 5. HP: 2/45 MP: 4/4
  2104 | D:4      | Noticed XO4YCPATb's ghost (novice DrMo)
  2108 | D:4      | Killed from afar by XO4YCPATb's ghost

Skill      XL: |  1  2  3  4 |
---------------+-------------+-----
Long Blades    | 3 4 5 7 |  7.5
Fighting       | |  3.6
Armour         | |  3.6
Shields        | |  3.6

Action                   |  1- 3 |  4- 6 || total
-------------------------+-------+-------++-------
Melee: Long sword        |    72 |    69 ||   141
       Headbutt          |     7 |    11 ||    18
  Use: Potion            |       |     3 ||     3
 Stab: Invisible         |       |     2 ||     2
  Eat: Chunk             |       |     4 ||     4
Armor: Scale mail        |    21 |    28 ||    49
       Skin              |       |     7 ||     7
Dodge: Dodged            |    25 |    11 ||    36
Block: Shield            |    42 |    24 ||    66
       Rpst.: Long sword |     5 |     1 ||     6
